 Dungeon Crawl Stone Soup version 0.30-a0-860-g512cf1e979 (webtiles) character file.

Game seed: 17146985192284236008

25 jasper the Stinger (level 2, -2/19 HPs)
             Began as a Demonspawn Venom Mage on Mar 7, 2023.
             Slain by a gnoll
             ... wielding a +0 whip
              (7 damage)
             ... on level 1 of the Dungeon.
             The game lasted 00:01:54 (1411 turns).

jasper the Stinger (Demonspawn Venom Mage)          Turns: 1411, Time: 00:01:55

Health: -2/19      AC:  2    Str:  8    XL:     2   Next: 86%
Magic:  1/5        EV: 12    Int: 16    God:
Gold:   48         SH:  0    Dex: 13    Spells: 0/5 levels left

rFire   . . .      SeeInvis .    (no weapon)
rCold   . . .      Faith    .    (no shield)
rNeg    . . .      Spirit   .    a - +0 robe
rPois   .          Reflect  .    (helmet restricted)
rElec   .          Rampage  .    (no cloak)
rCorr   .                        (no gloves)
Will    .....                    (no boots)
Stlth   ++                       (no amulet)
HPRegen 0.23/turn                (no ring)
MPRegen 0.09/turn                (no ring)

@: no status effects
A: antennae 1
a: no special abilities


You were on level 1 of the Dungeon.
You visited 1 branch of the dungeon, and saw 2 of its levels.

You collected 48 gold pieces.

Inventory:

Missiles
 d - 37 stones
Armour
 a - a +0 robe (worn)
Scrolls
 e - a scroll of enchant weapon {unknown}
Potions
 b - a potion of magic
 c - 2 potions of curing {unknown}
 f - a potion of flight {unknown}


   Skills:
 - Level 1.7 Dodging
 - Level 1.7 Stealth
 + Level 2.4 Spellcasting
 + Level 1.6 Transmutations
 + Level 0.2 Earth Magic
 + Level 3.3 Poison Magic


You couldn't memorise any spells.
You knew the following spells:

 Your Spells              Type           Power      Damage    Failure   Level
a - Sting                 Tmut/Pois      36%        1d4       7%          1
b - Poisonous Vapours     Pois/Air       14%        N/A       16%         2
c - Passwall              Tmut/Erth      3%         N/A       21%         2

Your spell library contained the following spells:

 Spells                   Type           Power      Damage    Failure   Level
 Sandblast                Erth           4%         2d4       19%         1
 Mephitic Cloud           Conj/Pois/Air  5%         N/A       36%         3
 Olgreb's Toxic Radiance  Pois           12%        N/A       45%         4
 Stone Arrow              Conj/Erth      4%         3d7       50%         3


Dungeon Overview and Level Annotations

Branches:
Dungeon (2/15)

Altars:


Innate Abilities, Weirdness & Mutations

You have a pair of small antennae on your head.


Message History

Aim: a gnoll, wielding a +0 whip (72% to hit)
You miscast Sting.
You are very lightly contaminated with residual magic.
Nothing appears to happen.
The ball python hisses angrily.
You now have 2/5 mp.
Aiming: Sting (safe; 7% risk of failure)
Press: ? - help, Q - select action, (/) - cycle Shift-Dir - straight line, f/p - gnoll
Aim: a gnoll, wielding a +0 whip (72% to hit)
The sting misses the gnoll.
The gnoll shouts!
You hear an angry hiss.
You now have 1/5 mp.
The gnoll hits you with a +0 whip.
You climb upwards.
There is a stone staircase leading down here.
Aiming: Sting (safe; 7% risk of failure)
Press: ? - help, Q - select action, (/) - cycle Shift-Dir - straight line, f - gnoll
Aim: a gnoll, wielding a +0 whip (72% to hit)
You miscast Sting.
Nothing appears to happen.
The gnoll hits you with a +0 whip.
You take 5 damage, and have 14/19 hp.
MASSIVE DAMAGE!!
You now have 1/5 mp.
Aiming: Sting (safe; 7% risk of failure)
Press: ? - help, Q - select action, (/) - cycle Shift-Dir - straight line, f/p - gnoll
Aim: a gnoll, wielding a +0 whip (72% to hit)
The sting misses the gnoll.
The gnoll hits you with a +0 whip.
You take 6 damage, and have 8/19 hp.
MASSIVE DAMAGE!!
You now have 0/5 mp.
The gnoll attacks as you move away! The gnoll hits you with a +0 whip.
* * * LOW HITPOINT WARNING * * *
You take 5 damage, and have 4/19 hp.
MASSIVE DAMAGE!!
The gnoll attacks as you move away! The gnoll barely misses you.
There is an open door here.
The gnoll attacks as you move away! The gnoll closely misses you.
The gnoll attacks as you move away! The gnoll hits you with a +0 whip.
* * * LOW HITPOINT WARNING * * *
Your magical contamination has completely faded away.
You take 1 damage, and have 4/19 hp.
The gnoll attacks as you move away! The gnoll hits you with a +0 whip!
You die...

♣.♣........#.........##.#
...........#.........##.#
♣.♣........#.........##.#######
...........#.........'........#
.♣.........#.........##.#####.#
...........#.........##.......#
...........#.........##########
...........#.....g...#
................@....#
....#'#####P♣♣P.###########
###.#.# ##..P...........# #.#.#
#....##########.# #.#.#
#.##....# #.#
##.#.#####.##.##.#######.#
#..#.......##.##.........#
#.###########.############ #.#
#.#


You could see a gnoll.

Vanquished Creatures
  2 dart slugs (D:1)
  3 ball pythons
  5 bats
  An endoplasm (D:1)
  A giant cockroach (D:1)
  3 goblins (D:1)
  2 jackals (D:1)
  2 frilled lizards (D:1)
  A rat (D:1)
20 creatures vanquished.

Notes
Turn   | Place    | Note
-------+----------+-------------------------------------------
     0 | D:1      | jasper the Demonspawn Venom Mage began the quest for the
                  | Orb.
     0 | D:1      | Reached XP level 1. HP: 13/13 MP: 3/3
    18 | D:1      | Reached skill level 1 in Transmutations
   220 | D:1      | Gained mutation: You have a pair of small antennae on your
                  | head. [demonic ancestry]
   220 | D:1      | Reached XP level 2. HP: 19/19 MP: 3/5
   975 | D:1      | Learned a level 2 spell: Poisonous Vapours
   978 | D:1      | Learned a level 2 spell: Passwall
  1411 | D:1      | Slain by a gnoll

Illustrated notes

Levels and vault maps discovered:
D:1:      sevenhm_arrival_forest_fort_small_3, layout_basic, serial_forest,
          infiniplex_forest_clump_tiny, infiniplex_forest_end_2,
          infiniplex_forest_corner_1, infiniplex_forest_lined_ring,
          infiniplex_forest_lined_3, infiniplex_forest_end_2,
          infiniplex_forest_straight_4, minmay_misc_feat_columns
D:2:      layout_basic, minmay_misc_feat_rows, dreamdust_princess_bridge,
          kennysheep_jessica_study, uniq_natasha, uniq_terence

Skill      XL: |  1 |
---------------+----+-----
Transmutations | 1 |  1.6
Dodging        | |  1.7
Stealth        | |  1.7
Spellcasting   | |  2.4
Earth Magic    | |  0.2
Poison Magic   | |  3.3

Action                     || total
---------------------------++-------
  Melee: Unarmed           ||    20
   Cast: Sting             ||    40
 Armour: Robe              ||     9
  Dodge: Dodged            ||    55

Table legend: (Time is in decaauts)
 A = Elapsed time spent in this place.
 B = Non-inter-level travel time spent in this place.
 C = Inter-level travel time spent in this place.
 D = Time resting spent in this place.
 E = Time spent auto-exploring this place.
 F = Levels seen in this place.
 G = Mean time per level.
                   A        B        C        D        E       F      G
               +--------+--------+--------+--------+--------+-----+--------+
         Total |   1413 |   1361 |     52 |    331 |    827 |   2 |  706.5 |
       Dungeon |   1413 |   1361 |     52 |    331 |    827 |   2 |  706.5 |
               +--------+--------+--------+--------+--------+-----+--------+

Top non-repeatable levels by time:
     D:1: 1384 daAuts
     D:2: 28 daAuts
